 Dungeon Crawl Stone Soup version 0.26.0-7-g794d0892b4 (webtiles) character file.

Game seed: 2152552681170522157

14 jackrogers the Skirmisher (level 2, -2/26 HPs)
             Began as a Draconian Fighter on Jan 11, 2021.
             Killed from afar by Sigmund (5 damage)
             ... with a puff of flame
             ... on level 2 of the Dungeon.
             The game lasted 00:00:47 (285 turns).

jackrogers the Skirmisher (Draconian Fighter)        Turns: 285, Time: 00:00:48

Health: -2/26      AC:  4    Str: 18    XL:     2   Next: 31%
Magic:  2/2        EV: 10    Int:  8    God:
Gold:   17         SH:  8    Dex: 10    Spells: 1/1 levels left

rFire    . . .     SeeInvis .   a - +1 war axe
rCold    . . .     Faith    .   b - +0 kite shield
rNeg     . . .     Spirit   .   (armour unavailable)
rPois    .         Reflect  .   (helmet restricted)
rElec    .         Harm     .   (no cloak)
rCorr    .         Rampage  .   (no gloves)
Will     .....                  (no boots)
Stlth    +.........             (no amulet)
HPRegen  0.08/turn              (no ring)
MPRegen  0.08/turn              (no ring)

@: mighty
A: unfitting armour, cold-blooded, AC +4
a: no special abilities


You were on level 2 of the Dungeon.
You visited 1 branch of the dungeon, and saw 2 of its levels.

You collected 17 gold pieces.

Inventory:

Hand Weapons
 a - a +1 war axe (weapon)
Missiles
 g - 66 stones (quivered)
Armour
 b - a +0 kite shield (worn)
Scrolls
 f - a scroll of remove curse
 h - 2 scrolls of enchant weapon
Potions
 d - 2 potions of attraction {unknown}


   Skills:
 - Level 3.2 Fighting
 * Level 3.0 Axes
 - Level 2.6 Dodging
 - Level 3.0 Shields


You had one spell level left.
You didn't know any spells.
Your spell library was empty.

Dungeon Overview and Level Annotations

Branches:
Dungeon (2/15)

Altars:

Annotations:
D:2 Sigmund


Innate Abilities, Weirdness & Mutations

Your plain brown scales are hard. (AC +4)
You cannot fit into any form of body armour.
You are cold-blooded and may be slowed by cold attacks.


Message History

No target in view!
h - 3 scrolls labelled YTOEXZ ISUSUNK
i - a scroll labelled GOSEOG CYICIRGH A bat comes into view.
A bat is nearby!
A bat is nearby!
You throw a stone. The stone misses the bat.
You throw a stone. The stone barely misses the bat.
The bat hits you but does no damage. You block the bat's attack.
You closely miss the bat. The bat hits you but does no damage. x3
You barely miss the bat.
Your tail-slap misses the bat.
The bat hits you but does no damage. x3
You slash the bat!
You kill the bat!
No target in view!
As you read the scroll labelled BECULUADOS, it crumbles to dust.
You feel blessed for a moment.
It was a scroll of remove curse.
As you read the scroll labelled GOSEOG CYICIRGH, it crumbles to dust.
You hear a loud clanging noise!
It was a scroll of noise.
You hear an angry hiss.
You hear a shout!
As you read the scroll labelled YTOEXZ ISUSUNK, it crumbles to dust.
It is a scroll of enchant weapon.
Your +0 war axe glows red for a moment.
As you read the scroll labelled ZOASCH KOYCUST, it crumbles to dust.
It is a scroll of amnesia.
You feel forgetful for a moment.
You stumble into a teleport trap!
You are suddenly yanked towards some nearby monsters!
Your surroundings suddenly seem different.
A kobold comes into view. It is wielding a +0 dagger.
The kobold shouts!
A goblin comes into view.
Found an escape hatch in the ceiling.
You throw a stone.
The stone hits the goblin but does no damage.
You throw a stone.
The stone hits the goblin but does no damage.
The goblin completely misses you.
You hit the goblin.
You kill the goblin!
You throw a stone. The stone closely misses the kobold.
The kobold barely misses you.
You slash the kobold!
You kill the kobold!
Your Axes skill increases to level 3!
No target in view!
No target in view!
Found a stone staircase leading up.
g - 65 stones (gained 1)
g - 66 stones (gained 1)
A hobgoblin comes into view. It is wielding a -2 club.
The hobgoblin shouts!
A hobgoblin is nearby!
A hobgoblin is nearby!
A hobgoblin is nearby!
You throw a stone. The stone hits the hobgoblin.
You throw a stone. The stone barely misses the hobgoblin.
You throw a stone.
The stone hits the hobgoblin but does no damage.
You throw a stone.
The stone hits the hobgoblin but does no damage.
You barely miss the hobgoblin. The hobgoblin barely misses you.
You slash the hobgoblin!
You kill the hobgoblin!
No target in view!
No target in view!
Things that are here:
a cursed -2 club; a hobgoblin corpse
g - 63 stones (gained 1)
g - 64 stones (gained 1)
g - 65 stones (gained 1)
g - 66 stones (gained 1)
You open the door.
Sigmund the Dreaded comes into view.
He is wielding a +5 scythe of freezing.
Sigmund shouts!
Spoiler Alert: Sigmund can cast Slow, Confuse, Throw Flame, and go Invisible!
You close the door.
You start waiting.
A kobold and Sigmund come into view.
Sigmund is wielding a +5 scythe of freezing.
You feel very mighty all of a sudden. Sigmund barely misses you.
Found a stone staircase leading up.
There is an open door here.
Spoiler Alert: Sigmund can cast Slow, Confuse, Throw Flame, and go Invisible!
You hit Sigmund but do no damage. You tail-slap Sigmund.
Sigmund hits you with a +5 scythe of freezing!
Sigmund freezes you.
You closely miss Sigmund. You completely miss the kobold. The kobold hits you.
Sigmund hits you with a +5 scythe of freezing!
* * * LOW HITPOINT WARNING * * *
Sigmund freezes you.
* * * LOW HITPOINT WARNING * * *
Spoiler Alert: Sigmund can cast Slow, Confuse, Throw Flame, and go Invisible!
You slash Sigmund! You hit the kobold.
You kill the kobold!
Sigmund casts a spell at you. The puff of flame hits you.
You die...

####### ......# ......#
### ......# #<# ......#
#####.# ......#
######.....#####.!....#
#....#.........@†.....#
#....#....######@......
##....#....# .......
.......)...# .....$.
##.........# ######<
#.........# +.....)...+
#.........#
.............<


You could see Sigmund.

Vanquished Creatures
  A giant cockroach (D:2)
  4 goblins
  2 hobgoblins
  3 kobolds
  A bat (D:2)
  2 frilled lizards
  2 rats (D:1)
15 creatures vanquished.

Notes
Turn   | Place    | Note
-------+----------+-------------------------------------------
     0 | D:1      | jackrogers the Draconian Fighter began the quest for the
                  | Orb.
     0 | D:1      | Reached XP level 1. HP: 19/19 MP: 1/1
   169 | D:1      | Reached XP level 2. HP: 25/26 MP: 2/2
   207 | D:1      | You fall into a shaft and drop 1 floor!
   249 | D:2      | Reached skill level 3 in Axes
   275 | D:2      | Noticed Sigmund
   284 | D:2      | HP: 6/26 [Sigmund/+5 scythe of freezing (7)]
   285 | D:2      | Killed from afar by Sigmund

Illustrated notes

Levels and vault maps discovered:
D:1:      giann_horns, layout_loops_cross, st_stairs_11, minivault_27
D:2:      layout_basic, uniq_jessica, uniq_crazy_yiuf_cottage, uniq_sigmund

Skill      XL: |  1  2 |
---------------+-------+-----
Axes           | 3 |  3.0
Fighting       | |  3.2
Dodging        | |  2.6
Shields        | |  3.0

Action                   || total
-------------------------++-------
Melee: War axe           ||    25
       Tailslap          ||     1
Throw: Stone             ||    15
  Use: Scroll            ||     4
       Potion            ||     1
Armor: Skin              ||     8
Dodge: Dodged            ||    12
Block: Kite shield       ||     7

Table legend: (Time is in decaauts)
 A = Elapsed time spent in this place.
 B = Non-inter-level travel time spent in this place.
 C = Inter-level travel time spent in this place.
 D = Time resting spent in this place.
 E = Time spent auto-exploring this place.
 F = Levels seen in this place.
 G = Mean time per level.
                   A        B        C        D        E       F      G
               +--------+--------+--------+--------+--------+-----+--------+
         Total |    298 |    298 |      0 |      5 |    199 |   2 |  149.0 |
       Dungeon |    298 |    298 |      0 |      5 |    199 |   2 |  149.0 |
               +--------+--------+--------+--------+--------+-----+--------+

Top non-repeatable levels by time:
     D:1: 212 daAuts
     D:2: 85 daAuts

Table legend:
 A = Kills in this place as a percentage of kills in entire the game.
 B = Kills by you in this place as a percentage of kills by you in the entire game.
 C = Kills by friends in this place as a percentage of kills by friends in the entire game.
 D = Other kills in this place as a percentage of other kills in the entire game.
 E = Experience gained in this place as a percentage of experience gained in the entire game.
 F = Experience gained in this place divided by the number of levels of this place that you have seen.
                   A       B       C       D       E      F
               +-------+-------+-------+-------+-------+----------------------
         Total | 100.0 | 100.0 |   N/A |   N/A | 100.0 |  11.0
       Dungeon | 100.0 | 100.0 |   N/A |   N/A | 100.0 |  11.0
               +-------+-------+-------+-------+-------+----------------------
